 Dungeon Sprint DCSS version 0.27-a0-1359-ga2a4dfd6fd (webtiles) character file.

Game seed: 7927792056629643459

156507 mhtbhm the Archmage (level 16, 0/113 HPs)
             Began as a Deep Elf Earth Elementalist on June 28, 2021.
             Was the Champion of Vehumet.
             Slain by an acid blob (18 damage)
             ... created by the Royal Jelly
             ... in the Dungeon (Sprint III: "The Ten Rune Challenge").
             The game lasted 00:24:45 (8346 turns).

mhtbhm the Archmage (Deep Elf Earth Elementalist)   Turns: 8346, Time: 00:24:46

Health: 0/113      AC: 33    Str:  5    XL:     16   Next: 9%
Magic:  12/49      EV: 19    Int: 30    God:    Vehumet [******]
Gold:   1766       SH:  5    Dex: 17    Spells: 3/69 levels left

rFire    + . .     SeeInvis +   F - staff of earth
rCold    + . .     Faith    .   (no shield)
rNeg     + . .     Spirit   .   (armour currently unavailable)
rPois    ∞         Reflect  +   n - +2 hat {Will+}
rElec    +         Harm     .   M - scarf {rC+ rF+}
rCorr    .         Rampage  .   (gloves currently unavailable)
Will     ++...     NoTele   +   (boots currently unavailable)
Stlth    ++++++....             x - amulet of Oenomania {Reflect rElec Int+2 SH+5 SInv}
HPRegen  0.28/turn              r - ring "Nizuc" {Wiz Dex+4 Stlth+}
MPRegen  0.31/turn              T - ring of flight

@: statue-form, corroded, flying, very slow
A: slow and powerful, torment resistance 1, boosted hp, clumsy 1
}: 3/10 runes: barnacled, silver, demonic
a: End Transformation, Renounce Religion


You were in the Dungeon.
You worshipped Vehumet.
Vehumet was exalted by your worship.
You were a living statue of rough stone.
You visited 1 branch You collected 2440 gold pieces.
You spent 674 gold pieces at shops.

Inventory:

Missiles
 i - 17 stones
 u - 7 curare-tipped darts (quivered)
 I - 10 atropa-tipped darts
Armour
 b - a +2 robe of resistance (melded)
 n - a +2 hat of willpower (worn)
 q - a +0 robe of the Archmagi
 E - the +0 cloak "Nahiz" {Harm rN+ Str+2}
   (You found it in the Dungeon)

   Str:       It affects your strength (+2).
   rN:        It protects you from negative energy.
   Harm:      It increases damage dealt and taken.
 M - a scarf of resistance (worn)
Magical Staves
 F - a staff of earth (weapon)
Jewellery
 r - the ring "Nizuc" (left fist) {Wiz Dex+4 Stlth+}
   (You bought it in a shop in the Dungeon)

   [ring of wizardry]

   It improves your spell success rate.Dex: It affects your dexterity (+4).
   Stlth:     It makes you more stealthy.
 v - a +6 ring of intelligence
 x - the amulet of Oenomania (around neck) {Reflect rElec Int+2 SH+5 SInv}
   (You took it off a deep elf demonologist in the Dungeon)

   [amulet of reflection]

   It reflects blocked missile attacks.Int: It affects your intelligence (+2).
   rElec:     It insulates you from electricity.
   SInv:      It lets you see invisible.
   SH:        It affects your SH (+5).
 K - the ring "Joycziyg" {Fire Str+3 Int+4}
   (You found it in the Dungeon)

   [ring of fire]

   It enhances your fire magic.Str: It affects your strength (+3).
   Int:       It affects your intelligence (+4).
   rF:        It protects you from fire.
   rC:        It makes you vulnerable to cold.
 T - a ring of flight (right fist)
Wands
 a - a wand of mindburst (19)
 m - a wand of iceblast (19)
 y - a wand of paralysis (7)
 G - a wand of flame (19)
 J - a wand of acid (11)
Scrolls
 h - a scroll of blinking
 j - 2 scrolls of immolation
 k - 10 scrolls of identify
 t - a scroll of silence
 w - 6 scrolls of amnesia
 R - a scroll of acquirement
 U - a scroll of fear {unknown}
 V - a scroll of magic mapping {unknown}
Potions
 c - 5 potions of curing
 d - 2 potions of heal wounds
 e - a potion of haste
 g - a potion of berserk rage
 p - 4 potions of mutation
 N - 2 potions of attraction {unknown}
 S - 3 potions of flight
Miscellaneous
 l - a phantom mirror
 o - a box of beasts
 B - a box of beasts
 C - a piece from Xom's chessboard (15/15)
 D - a phial of floods
 H - a tin of tremorstones (2/2)
 L - a condenser vane


   Skills:
 - Level 5.1 Fighting
 + Level 11.8 Dodging
 + Level 10.6 Stealth
 + Level 1.3 Shields
 O Level 27 Spellcasting
 + Level 15.9 Conjurations
 + Level 19.3 Transmutations
 * Level 21.4 Fire Magic
 + Level 0.6 Air Magic
 O Level 27 Earth Magic
 + Level 0.6 Poison Magic


You had 3 spell levels left.
You knew the following spells:

 Your Spells              Type           Power      Damage    Failure   Level
a - Sandblast             Erth           100%       2d20      0%          1
b - Passwall              Tmut/Erth      100%       N/A       0%          2
c - Stone Arrow           Conj/Erth      100%       3d13      0%          3
d - Lee's Rapid Deconstr  Erth           70%        3d33*     0%          5
e - Petrify               Tmut/Erth      100%       N/A       0%          4
f - Mephitic Cloud        Conj/Pois/Air  66%        N/A       1%          3
g - Frozen Ramparts       Ice            80%        1d10      1%          3
h - Statue Form           Tmut/Erth      88%        N/A       0%          6
i - Shatter               Erth           70%        3d52*     1%          9
j - Ignition              Fire           53%        3d15      1%          8
k - Bolt of Magma         Conj/Fire/Erth 65%        4d25      0%          5
l - Lehudib's Crystal Sp  Conj/Erth      65%        10d15     1%          8
m - Fire Storm            Conj/Fire      50%        8d13      3%          9

Your spell library contained the following spells:

 Spells                   Type           Power      Damage    Failure   Level
 Chain Lightning          Conj/Air       37%        3d49      83%         9
 Magic Dart               Conj           100%       1d8       0%          1
 Shock                    Conj/Air       100%       1d9       0%          1
 Sting                    Tmut/Pois      100%       1d8       0%          1
 Searing Ray              Conj           100%       3d7       0%          2
 Conjure Flame            Conj/Fire      100%       6-21      0%          3
 Ignite Poison            Fire/Tmut/Pois 89%        N/A       0%          3
 Blink                    Tloc           N/A        N/A       1%          2
 Call Imp                 Summ           40%        N/A       1%          2
 Corpse Rot               Necr/Air       N/A        N/A       1%          2
 Poisonous Vapours        Pois/Air       88%        N/A       1%          2
 Slow                     Hex            40%        N/A       1%          2
 Static Discharge         Conj/Air       74%        N/A       1%          2
 Call Canine Familiar     Summ           40%        N/A       1%          3
 Dazzling Flash           Conj/Hex       100%       N/A       1%          3
 Swiftness                Air            44%        N/A       1%          3
 Fireball                 Conj/Fire      50%        3d20      0%          5
 Fulminant Prism          Conj/Hex       36%        3d18      1%          4
 Iskenderun's Mystic Bla  Conj/Tloc      73%        2d15      1%          4
 Olgreb's Toxic Radiance  Pois           44%        N/A       1%          4
 Iskenderun's Battlesphe  Conj           94%        2d14      1%          5
 Lightning Bolt           Conj/Air       37%        1d55      1%          5
 Starburst                Conj/Fire      50%        8x6d14    1%          6
 Dragon Form              Tmut           51%        N/A       1%          7
 Orb of Destruction       Conj           47%        9d15      1%          7
 Shadow Creatures         Summ           N/A        N/A       34%         6
 Malign Gateway           Summ/Tloc      20%        N/A       87%         7
 Polar Vortex             Ice            20%        N/A       100%        9


Dungeon Overview and Level Annotations

Branches:
Dungeon (1/1)

Altars:
Cheibriados
Dithmenos
Elyvilon
Fedhas
Gozag
Hepliaklqana
Kikubaaqudgha
Makhleb
Nemelex Xobeh
Okawaru
Qazlal
Ru
Sif Muna
Trog
Uskayaw
Vehumet
Wu Jian
Xom
Yredelemnul
Zin
The Shining One
Beogh
Jiyva
Lugonu

Shops:
D !:(==:[?((!((==

Annotations:
D Royal Jelly


Innate Abilities, Weirdness & Mutations

You are a living statue of rough stone.
Your actions are slow, but your melee attacks are powerful.
You are resistant to unholy torment.
Your maximum health is greatly increased.
You are immune to poison.
Your equipment is partially melded.
You are clumsy. (Dex -2)


Message History

You are splashed with acid!
The acid blob spits acid at you.
The splash of acid hits you but does no damage.
You are splashed with acid!
The acid blob jiggles.
The acid blob spits acid at you.
The splash of acid hits you but does no damage.
You are splashed with acid!
The acid blob hits you!
You are splashed with acid!
Unknown command.
Unknown command.
Casting: Shatter (dangerous; 1% risk of failure)
Confirm with . or Enter, or press ? or * to list all spells.
You feel a surge of power!
The dungeon rumbles!
The acid blob is moderately wounded.
The acid blob is severely wounded.
The acid blob is almost dead.
The acid blob is severely wounded.
You kill the azure jelly!
That felt strangely unrewarding.
The azure jelly is lightly wounded.
The acid blob is lightly wounded.
The azure jelly is almost dead.
The Royal Jelly is almost dead.
Ka-crash!
The Royal Jelly shudders violently.
The Royal Jelly spits out four more jellies.
The acid blob hits you but does no damage.
The acid blob closely misses you. The acid blob spits acid at you.
The splash of acid misses you. The acid blob spits acid at you.
The splash of acid hits you but does no damage.
You are splashed with acid!
* * * LOW HITPOINT WARNING * * *
The acid blob misses you. The acid blob spits acid at you.
The splash of acid hits you but does no damage.
You are splashed with acid!
* * * LOW HITPOINT WARNING * * *
The acid blob hits you!!
You die...

▓..[#≈≈≈≈§§≈.≈♣
▓........#######♣
▓..........)....♣♣
▓........#######'♣
▓....≈...........♣
▓....≈≈...########
▓....≈≈≈......÷..P
▓....≈≈≈≈P....÷...
#8J......######'##
▓JJJJ..... ▓...
▓JJJ.#.... ▓≈≈.
▓....J.... ▓≈≈≈
▓..JJJ.. . ▓≈≈≈
▓......... ▓≈≈≈
▓......[.. ▓≈≈≈
▓.....)φ|# ▓≈≈≈
▓≈≈≈


You could see the Royal Jelly, 6 acid blobs, 3 azure jellies, a rockslime and a
quicksilver ooze.

Vanquished Creatures
  Frederick (D)
  Nellie (D)
  Rupert (D)
  A lich (D)
  3 acid blobs (D)
  A deep elf master archer (D)
  2 quicksilver dragons (D)
  A kraken (D)
  2 sphinxes (D)
  Gastronok (D)
  Chuck (D)
  4 shadow dragons (D)
  6 azure jellies (D)
  5 rockslimes (D)
  A frost giant (D)
  A fire giant (D)
  2 stone giants (D)
  2 dire elephants (D)
  3 deep elf demonologists (D)
  A deep elf annihilator (D)
  Azrael (D)
  4 mummy priests (D)
  A deep elf death mage (D)
  A fire dragon (D)
  A deep elf high priest (D)
  3 yaktaur captains (D)
  An ogre mage (D)
  15 vault guards (D)
  3 centaur warriors (D)
  4 dancing weapons (D)
  2 alligator snapping turtles (D)
  Erica (D)
  4 death yaks (D)
  Urug (D)
  2 orc high priests (D)
  7 skeletal warriors (D)
  A death drake (shapeshifter) (D)
  A spriggan druid (D)
  A glowing orange brain (shapeshifter) (D)
  2 obsidian statues (D)
  A lindwurm (D)
  2 deep elf pyromancers (D)
  A mana viper (shapeshifter) (D)
  2 orc sorcerers (D)
  An orc knight (D)
  4 deep elf zephyrmancers (D)
  5 ugly things (D)
  2 cyclopes (shapeshifter) (D)
  2 shining eyes (D)
  4 crystal guardians (D)
  2 elephants (D)
  4 statues (D)
  2 black mambas (D)
  2 cane toads (D)
  Edmund (D)
  2 yaktaurs (D)
  A komodo dragon (D)
  2 unseen horrors (D)
  A rime drake (D)
  A komodo dragon (shapeshifter) (D)
  7 guardian mummies (D)
  4 spriggan defenders (D)
  3 wandering mushrooms (D)
  A queen bee (D)
  2 tyrant leeches (D)
  3 slime creatures (D)
  8 blink frogs (D)
  4 snapping turtles (D)
  A redback (shapeshifter) (D)
  3 redbacks (D)
  2 spriggans (D)
  A shadow (D)
  A spatial vortex (D)
  A hydra simulacrum (D)
  5 floating eyes (D)
  2 orc warriors (D)
  A swamp drake (D)
  2 black mamba simulacra (D)
  A necrophage (D)
  A fire dragon simulacrum (D)
  2 centaurs (D)
  An earth elemental (D)
  A water elemental (D)
  32 killer bees (D)
  A jelly (D)
  4 orc priests (D)
  A wizard (D)
  A necromancer (D)
  An orc wizard (D)
  3 humans (D)
  A kobold demonologist (D)
  A wolf (D)
  10 orcs (D)
  An endoplasm (D)
  3 rats (D)
  A bush (D)
  10 butterflies (D)
  A plant (D)
  2 tentacles (D)
268 creatures vanquished.

Vanquished Creatures (collateral kills)
  A vault guard (D)
1 creature vanquished.

Vanquished Creatures (others)
  Sigmund (D)
  2 hydras (D)
  A death drake (D)
  An electric eel (D)
  A bush (D)
  5 fire vortices (D)
  2 fungi (D)
  14 plants (D)
  6 tentacles (D)
33 creatures vanquished.

Grand Total: 302 creatures vanquished

Notes
Turn   | Place    | Note
-------+----------+-------------------------------------------
     0 | D        | mhtbhm the Deep Elf Earth Elementalist began the quest for
                  | the Orb.
     0 | D        | Reached XP level 1. HP: 10/10 MP: 6/6
   156 | D        | Reached skill level 5 in Earth Magic
   156 | D        | Reached XP level 2. HP: 4/15 MP: 0/9
   240 | D        | Learned a level 2 spell: Passwall
   382 | D        | Reached skill level 5 in Spellcasting
   382 | D        | Reached XP level 3. HP: 19/19 MP: 8/11
   386 | D        | Learned a level 3 spell: Stone Arrow
   410 | D        | Noticed a water elemental
   412 | D        | Killed a water elemental
   413 | D        | Reached XP level 4. HP: 24/24 MP: 5/14
   480 | D        | Found a radiant altar of Vehumet.
   481 | D        | Found a shimmering blue altar of Sif Muna.
   481 | D        | Found an ancient bone altar of Kikubaaqudgha.
   481 | D        | Noticed a wizard
   482 | D        | Killed a wizard
   492 | D        | Became a worshipper of Vehumet
   514 | D        | Found a basalt altar of Yredelemnul.
   514 | D        | Found a shadowy altar of Dithmenos.
   514 | D        | Found a sacrificial altar of Ru.
   514 | D        | Noticed a necrophage
   516 | D        | Killed a necrophage
   517 | D        | Reached skill level 1 in Conjurations
   517 | D        | Reached XP level 5. HP: 28/28 MP: 9/18
   640 | D        | Learned a level 5 spell: Lee's Rapid Deconstruction
   645 | D        | Learned a level 4 spell: Petrify
   649 | D        | Learned a level 3 spell: Mephitic Cloud
   656 | D        | Found a glowing silver altar of Zin.
   656 | D        | Found a glowing golden altar of the Shining One.
   656 | D        | Found a white marble altar of Elyvilon.
   656 | D        | Noticed a deep elf pyromancer
   690 | D        | Killed a deep elf pyromancer
   690 | D        | Reached * piety under Vehumet
   690 | D        | Offered knowledge of Foxfire by Vehumet.
   691 | D        | Reached skill level 5 in Dodging
   691 | D        | Reached skill level 5 in Stealth
   691 | D        | Reached XP level 6. HP: 32/32 MP: 9/23
   691 | D        | Reached XP level 7. HP: 36/36 MP: 9/25
   778 | D        | Found a hide-covered altar of Uskayaw.
   778 | D        | Found an iron altar of Okawaru.
   778 | D        | Found a bloodstained altar of Trog.
   778 | D        | Found an ornate altar of the Wu Jian Council.
   778 | D        | Noticed a human
   778 | D        | Noticed a human
   781 | D        | Killed a human
   784 | D        | Killed a human
   919 | D        | Reached ** piety under Vehumet
   919 | D        | Offered knowledge of Poisonous Vapours by Vehumet.
   919 | D        | Noticed a shadow
   922 | D        | Killed a shadow
   923 | D        | Reached XP level 8. HP: 41/42 MP: 11/28
  1006 | D        | Found a blossoming altar of Fedhas.
  1006 | D        | Found a stormy altar of Qazlal.
  1006 | D        | Found a snail-covered altar of Cheibriados.
  1006 | D        | Found a burning altar of Makhleb.
  1006 | D        | Found a shimmering altar of Xom.
  1007 | D        | Found a hazy altar of Hepliaklqana.
  1007 | D        | Found an opulent altar of Gozag.
  1007 | D        | Found a sparkling altar of Nemelex Xobeh.
  1007 | D        | Found a corrupted altar of Lugonu.
  1007 | D        | Found a viscous altar of Jiyva.
  1071 | D        | Noticed Erica
  1078 | D        | Killed Erica
  1078 | D        | Offered knowledge of Frozen Ramparts by Vehumet.
  1079 | D        | Reached skill level 15 in Spellcasting
  1197 | D        | Reached *** piety under Vehumet
  1268 | D        | Learned a level 3 spell: Frozen Ramparts
  1275 | D        | Found Zelaentocwi's Jewellery Emporium.
  1384 | D        | Noticed an orc sorcerer
  1389 | D        | Noticed an orc high priest
  1389 | D        | Noticed a smoke demon
  1390 | D        | Killed an orc sorcerer
  1390 | D        | Offered knowledge of Ignite Poison by Vehumet.
  1390 | D        | Noticed an orc knight
  1391 | D        | Reached skill level 15 in Earth Magic
  1391 | D        | Reached XP level 9. HP: 43/46 MP: 13/31
  1391 | D        | Noticed a sixfirhy
  1392 | D        | Killed an orc high priest
  1392 | D        | Reached **** piety under Vehumet
  1394 | D        | Noticed an orc sorcerer
  1395 | D        | Noticed a hellwing
  1395 | D        | Killed an orc sorcerer
  1395 | D        | Reached ***** piety under Vehumet
  1397 | D        | Killed an orc knight
  1398 | D        | Reached XP level 10. HP: 34/51 MP: 15/34
  1494 | D        | Bought the ring "Nizuc" {Wiz Dex+4 Stlth+} for 674 gold
                  | pieces
  1504 | D        | Noticed a deep elf zephyrmancer
  1504 | D        | Noticed a deep elf zephyrmancer
  1504 | D        | Noticed a deep elf pyromancer
  1504 | D        | Noticed a deep elf zephyrmancer
  1504 | D        | Noticed a deep elf zephyrmancer
  1510 | D        | Killed a deep elf zephyrmancer
  1510 | D        | Reached ****** piety under Vehumet
  1510 | D        | Offered knowledge of Sticky Flame by Vehumet.
  1512 | D        | Killed a deep elf zephyrmancer
  1513 | D        | Killed a deep elf pyromancer
  1513 | D        | Killed a deep elf zephyrmancer
  1515 | D        | Killed a deep elf zephyrmancer
  1605 | D        | Identified the amulet of Oenomania {Reflect rElec Int+2
                  | SH+5 SInv}
  1605 | D        | Noticed a deep elf demonologist
  1610 | D        | Killed a deep elf demonologist
  1611 | D        | Noticed a deep elf high priest
  1612 | D        | Noticed a deep elf master archer
  1613 | D        | Killed a deep elf high priest
  1614 | D        | Reached XP level 11. HP: 16/55 MP: 16/38
  2033 | D        | Noticed a deep elf annihilator
  2035 | D        | Killed a deep elf annihilator
  2035 | D        | Offered knowledge of Starburst by Vehumet.
  2099 | D        | Noticed a deep elf demonologist
  2101 | D        | Killed a deep elf demonologist
  2118 | D        | Noticed a deep elf death mage
  2119 | D        | Identified the amulet "Sagocs" {Spirit Int+5}
  2119 | D        | Noticed a deep elf demonologist
  2121 | D        | Killed a deep elf master archer
  2251 | D        | Noticed a sun demon
  2253 | D        | Killed a deep elf demonologist
  2346 | D        | Killed a deep elf death mage
  2467 | D        | Got the Handbook of Excruciating Transmutation
  2469 | D        | Got the Compendium of Calling and Weightlessness
  2470 | D        | Identified the amulet "Hicsouv" {RegenMP Harm}
  2472 | D        | Identified the +0 cloak "Nahiz" {Harm rN+ Str+2}
  2523 | D        | Learned a level 6 spell: Statue Form
  2533 | D        | Learned a level 9 spell: Shatter
  2542 | D        | Learned a level 8 spell: Ignition
  2585 | D        | Noticed a centaur warrior
  2590 | D        | Killed a centaur warrior
  2590 | D        | Offered knowledge of Bolt of Magma by Vehumet.
  2672 | D        | Learned a level 5 spell: Bolt of Magma
  2753 | D        | Offered knowledge of Freezing Cloud by Vehumet.
  2754 | D        | Reached XP level 12. HP: 60/60 MP: 42/42
  2754 | D        | Noticed Nellie
  2759 | D        | Killed Nellie
  2887 | D        | Got a demonic rune of Zot
  2933 | D        | Noticed Sigmund
  2933 | D        | Noticed Edmund
  2938 | D        | Killed Sigmund
  2938 | D        | Offered knowledge of Orb of Destruction by Vehumet.
  2940 | D        | Killed Edmund
  2957 | D        | Killed a six-headed hydra
  3018 | D        | Killed a five-headed hydra
  3263 | D        | Offered knowledge of Iron Shot by Vehumet.
  3360 | D        | Found Wuachok's Distillery.
  3360 | D        | Found Ylutif's Magic Scroll Boutique.
  3360 | D        | Found Hapu's Jewellery Shoppe.
  3360 | D        | Found Zoalaos's Weapon Boutique.
  3360 | D        | Found Niloq's Antique Weapon Emporium.
  3360 | D        | Found Nugoloat's Antique Armour Shoppe.
  3360 | D        | Found Veenid's Jewellery Shop.
  3360 | D        | Found Sanaimac's Book Shop.
  3360 | D        | Found Isauv's Antique Weapon Emporium.
  3360 | D        | Found Nyr Qeirch's Jewellery Emporium.
  3360 | D        | Found Ywovoqia's Weapon Boutique.
  3421 | D        | Reached skill level 27 in Spellcasting
  3469 | D        | Offered knowledge of Irradiate by Vehumet.
  3471 | D        | Reached XP level 13. HP: 64/64 MP: 31/46
  3676 | D        | Reached skill level 1 in Shields
  3680 | D        | Offered knowledge of Conjure Ball Lightning by Vehumet.
  3705 | D        | Noticed a fire dragon
  3712 | D        | Killed a fire dragon
  3795 | D        | Reached skill level 5 in Transmutations
  3973 | D        | Offered knowledge of Lehudib's Crystal Spear by Vehumet.
  3973 | D        | Offered knowledge of Fire Storm by Vehumet.
  3973 | D        | Offered knowledge of Chain Lightning by Vehumet.
  4138 | D        | Learned a level 8 spell: Lehudib's Crystal Spear
  4148 | D        | Learned a level 9 spell: Fire Storm
  4151 | D        | Noticed Chuck
  4168 | D        | Killed Chuck
  4246 | D        | Noticed Frederick
  4249 | D        | Killed Frederick
  4250 | D        | Reached skill level 1 in Fighting
  4433 | D        | Noticed a lich
  4435 | D        | Killed a lich
  4436 | D        | Reached skill level 27 in Earth Magic
  4541 | D        | Reached skill level 5 in Conjurations
  4575 | D        | Noticed an ancient lich
  4595 | D        | Got Sif Muna's Compendium of Aerial Conjuration
  4658 | D        | Noticed a sphinx
  4667 | D        | Killed a sphinx
  4668 | D        | Reached XP level 14. HP: 26/74 MP: 9/47
  4743 | D        | Noticed a sphinx
  4746 | D        | Killed a sphinx
  4747 | D        | Reached skill level 10 in Transmutations
  5208 | D        | Reached skill level 5 in Fighting
  5668 | D        | Reached skill level 5 in Fire Magic
  5908 | D        | Noticed Urug
  5916 | D        | Killed Urug
  5990 | D        | Found a blossoming altar of Fedhas.
  6077 | D        | Identified the ring "Joycziyg" {Fire Str+3 Int+4}
  6383 | D        | Noticed Rupert
  6385 | D        | Killed Rupert
  6386 | D        | Reached skill level 10 in Conjurations
  6386 | D        | Reached skill level 10 in Fire Magic
  6532 | D        | Noticed an azure jelly
  6532 | D        | Noticed an azure jelly
  6532 | D        | Noticed an azure jelly
  6532 | D        | Noticed an azure jelly
  6535 | D        | Noticed Gastronok
  6540 | D        | Killed Gastronok
  6594 | D        | Killed an azure jelly
  6594 | D        | Killed an azure jelly
  6595 | D        | Killed an azure jelly
  6596 | D        | Killed an azure jelly
  6677 | D        | Reached XP level 15. HP: 82/82 MP: 43/48
  6740 | D        | Noticed a kraken
  6770 | D        | Killed a kraken
  6771 | D        | Reached skill level 10 in Dodging
  6771 | D        | Reached skill level 15 in Fire Magic
  7097 | D        | Reached skill level 15 in Transmutations
  7269 | D        | Found Apetuler's Distillery.
  7269 | D        | Found Pixkairgh's Book Boutique.
  7269 | D        | Found Orae's Antique Weapon Shop.
  7278 | D        | Got a barnacled rune of Zot
  7499 | D        | Noticed a shadow dragon
  7500 | D        | Noticed a shadow dragon
  7509 | D        | Killed a shadow dragon
  7512 | D        | Killed a shadow dragon
  7722 | D        | Noticed a fire giant
  7723 | D        | Noticed a shadow dragon
  7723 | D        | Noticed a frost giant
  7723 | D        | Noticed a shadow dragon
  7723 | D        | Noticed a quicksilver dragon
  7725 | D        | Killed a frost giant
  7726 | D        | Noticed a quicksilver dragon
  7726 | D        | Killed a shadow dragon
  7727 | D        | Killed a fire giant
  7728 | D        | Killed a quicksilver dragon
  7731 | D        | Reached skill level 10 in Stealth
  7731 | D        | Reached skill level 15 in Conjurations
  7733 | D        | Killed a quicksilver dragon
  7733 | D        | Killed a shadow dragon
  7740 | D        | Found the +2 shield of Resistance {rF++ rC++ Will++}
  7745 | D        | Got a silver rune of Zot
  7996 | D        | Noticed Azrael
  8005 | D        | Killed Azrael
  8335 | D        | Noticed an azure jelly
  8335 | D        | Noticed an acid blob
  8337 | D        | Noticed the Royal Jelly
  8337 | D        | Noticed a rockslime
  8337 | D        | Noticed a rockslime
  8337 | D        | Gained mutation: You are clumsy. (Dex -2) [a shining eye]
  8338 | D        | Reached XP level 16. HP: 87/87 MP: 24/49
  8338 | D        | Noticed an acid blob
  8340 | D        | Killed an acid blob
  8341 | D        | Noticed an acid blob
  8341 | D        | Noticed an acid blob
  8341 | D        | Noticed an acid blob
  8342 | D        | Killed an acid blob
  8343 | D        | Noticed an acid blob
  8343 | D        | Noticed an acid blob
  8344 | D        | Killed an acid blob
  8344 | D        | Noticed an acid blob
  8346 | D        | Noticed an acid blob
  8346 | D        | Slain by an acid blob

Illustrated notes

Levels and vault maps discovered:
D:        dungeon_sprint_mu [sprint_mu_entry_cave, sprint_mu_temple_rooms,
          sprint_mu_d1_horrors, sprint_mu_d2_genie, sprint_mu_d3_branching,
          sprint_mu_orc_legion, sprint_mu_elf_gauntlet, sprint_mu_hive_nellie,
          sprint_mu_lair_fedhas, sprint_mu_vaults_butterflies,
          sprint_mu_slime_circle, sprint_mu_shoals_kraken,
          sprint_mu_snake_twists, sprint_mu_blade_basic, sprint_mu_crypt_lich,
          sprint_mu_tomb_spiral, sprint_mu_vestibule_basic,
          sprint_mu_gehenna_hellfire, sprint_mu_dis_giant,
          sprint_mu_tartarus_statrot, sprint_mu_cocytus_islands, sprint_mu_zot1]

Skill      XL: |  1  2  3  4  5  6  7  8  9 10 11 12 13 14 15 16 |
---------------+-------------------------------------------------+-----
Earth Magic    | 5 7 9 12 13 15 16 18 21 23 27 | 27.0
Dodging        | 3 4 5 6 7 9 11 | 11.8
Stealth        | 3 4 5 6 8 10 | 10.6
Spellcasting   | 4 5 6 9 12 14 16 18 21 24 27 | 27.0
Conjurations   | 1 2 3 7 12 15 | 15.9
Transmutations | 2 3 4 9 14 18 19 | 19.3
Shields        | 1 |  1.3
Fighting       | 3 5 |  5.1
Fire Magic     | 14 21 | 21.4
Air Magic      | |  0.6
Poison Magic   | |  0.6

Action                   |  1- 3 |  4- 6 |  7- 9 | 10-12 | 13-15 | 16-18 || total
-------------------------+-------+-------+-------+-------+-------+-------++-------
Melee: Staff             |       |       |       |       |     7 |       ||     7
 Cast: Sandblast         |    12 |     2 |     2 |     2 |       |       ||    18
       Passwall          |     1 |       |       |     1 |     1 |       ||     3
       Stone Arrow       |     2 |     5 |       |     7 |     3 |       ||    17
       Lee's Rapid Decon |       |     2 |    27 |    52 |   140 |     2 ||   223
       Petrify           |       |       |     1 |     4 |    21 |       ||    26
       Shatter           |       |       |       |     7 |    11 |     5 ||    23
       Mephitic Cloud    |       |       |       |     1 |       |       ||     1
       Bolt of Magma     |       |       |       |     2 |     2 |       ||     4
       Statue Form       |       |       |       |     2 |     1 |       ||     3
       Lehudib's Crystal |       |       |       |       |     4 |     1 ||     5
       Ignition          |       |       |       |       |     6 |       ||     6
       Fire Storm        |       |       |       |       |     2 |       ||     2
  Use: Scroll            |       |       |     2 |     2 |       |       ||     4
       Potion            |       |       |     1 |     3 |     2 |     1 ||     7
Armor: Robe              |       |       |       |     1 |     1 |       ||     2
       Skin              |       |       |       |       |     5 |    10 ||    15
Dodge: Dodged            |     2 |       |     1 |     5 |    24 |     7 ||    39
Block: Other             |       |       |       |     1 |     4 |       ||     5
       Reflection        |       |       |       |     1 |     1 |       ||     2

Table legend: (Time is in decaauts)
 A = Elapsed time spent in this place.
 B = Non-inter-level travel time spent in this place.
 C = Inter-level travel time spent in this place.
 D = Time resting spent in this place.
 E = Time spent auto-exploring this place.
 F = Levels seen in this place.
 G = Mean time per level.
                   A        B        C        D        E       F      G
               +--------+--------+--------+--------+--------+-----+--------+
         Total |   8431 |   8370 |     61 |   5784 |     19 |   1 | 8431.0 |
       Dungeon |   8431 |   8370 |     61 |   5784 |     19 |   1 | 8431.0 |
               +--------+--------+--------+--------+--------+-----+--------+

Top non-repeatable levels by time:
       D: 8431 daAuts
